PAA
SPRINGFIELD SHOOTERS @ MERCER ISLAND SCREAMING EAGLES
08/25/2033
 
TOP OF THE 1ST
Springfield Shooters batting - Pitching for Mercer Island Screaming Eagles : RHP Zion DeBose
Pitching: RHP Zion DeBose
Batting: RHB Eun-bum Kim 0-0: Called Strike
0-1: Ball
1-1: SINGLE (Line Drive, 9LS)
Batting: RHB Sébastien Bernard 0-0: Ball
1-0: Fielders Choice at 2nd, 5-4 (Groundball, 56)
Batting: RHB Moriz Ayushiev 0-0: Ball
1-0: Ball
Sébastien Bernard steals 2nd base
2-0: Ball
3-0: Called Strike
3-1: Fly out, F9 (Flyball, 89D)
Runner from 2nd tags up, SAFE at 3rd, no throw
Batting: RHB Jeff Solís 0-0: Ball
1-0: Ball
2-0: Swinging Strike
2-1: Foul Ball, location: 2F
2-2: Ball
3-2: TRIPLE (Flyball, 8RXD)
Sébastien Bernard scores
Batting: RHB Yu-shu Tseng 0-0: Ball
1-0: Foul Ball, location: 2F
1-1: Called Strike
1-2: Strikes out swinging
Top of the 1st over - 1 run, 2 hits, 0 errors, 1 left on base; Springfield 1 - Mercer Island 0
BOTTOM OF THE 1ST
Mercer Island Screaming Eagles batting - Pitching for Springfield Shooters : RHP John Walton
Pitching: RHP John Walton
Batting: RHB Juan Dávila 0-0: Fly out, F5 (Flyball, 5D)
Batting: RHB Alfredo García 0-0: Foul Ball, location: 2F
0-1: Ball
1-1: SINGLE (Groundball, 56D)
Batting: RHB Charlie Rhodes 0-0: Called Strike
0-1: Fly out, F9 (Flyball, 9S)
Batting: RHB Oliver Burrell 0-0: Ball
1-0: Called Strike
1-1: Called Strike
1-2: Strikes out looking
Bottom of the 1st over - 0 runs, 1 hit, 0 errors, 1 left on base; Springfield 1 - Mercer Island 0
TOP OF THE 2ND
Springfield Shooters batting - Pitching for Mercer Island Screaming Eagles : RHP Zion DeBose
Batting: RHB Miguel Elías 0-0: Ground out 5-3 (Groundball, 5S)
Batting: RHB Bastiaan Pieterse 0-0: Called Strike
0-1: Ball
1-1: Foul Ball, location: 2F
1-2: Foul Ball, location: 2F
1-2: Foul Ball, location: 2F
1-2: Strikes out looking
Batting: RHB Lev Migranov 0-0: Swinging Strike
0-1: Foul Ball, location: 2F
0-2: Ground out 4-3 (Groundball, 4)
Top of the 2nd over - 0 runs, 0 hits, 0 errors, 0 left on base; Springfield 1 - Mercer Island 0
BOTTOM OF THE 2ND
Mercer Island Screaming Eagles batting - Pitching for Springfield Shooters : RHP John Walton
Batting: RHB Juan Reyes 0-0: Fly out, F7 (Flyball, 7LS)
Batting: RHB Dejmi Dumervil 0-0: Ball
1-0: Ball
2-0: Called Strike
2-1: Ground out U3 (Groundball, 3)
Batting: RHB Terry John 0-0: Ball
1-0: SINGLE (Line Drive, 34)
Batting: RHB António Ramírez 0-0: Ball
1-0: Fly out, F4 (Flyball, 34D)
Bottom of the 2nd over - 0 runs, 1 hit, 0 errors, 1 left on base; Springfield 1 - Mercer Island 0
TOP OF THE 3RD
Springfield Shooters batting - Pitching for Mercer Island Screaming Eagles : RHP Zion DeBose
Batting: RHB Janghyun Yi 0-0: Bunt for hit - play at first, batter OUT! 1-3
Batting: RHB Eun-bum Kim 0-0: Called Strike
0-1: Called Strike
0-2: Ball
1-2: Ball
2-2: Ball
3-2: Strikes out swinging
Batting: RHB Sébastien Bernard 0-0: Ground out 6-3 (Groundball, 6MS)
Top of the 3rd over - 0 runs, 0 hits, 0 errors, 0 left on base; Springfield 1 - Mercer Island 0
BOTTOM OF THE 3RD
Mercer Island Screaming Eagles batting - Pitching for Springfield Shooters : RHP John Walton
Batting: SHB Eisse van Opdorp 0-0: Ball
1-0: Ball
2-0: Ball
3-0: Called Strike
3-1: Base on Balls
Batting: RHB Juan Dávila 0-0: Fly out, F8 (Flyball, 8RM)
Batting: RHB Alfredo García 0-0: Called Strike
0-1: Ball
1-1: Fly out, F8 (Flyball, 8LS)
Batting: RHB Charlie Rhodes 0-0: Ball
1-0: SINGLE (Line Drive, 8LS)
Eisse van Opdorp to second
Batting: RHB Oliver Burrell 0-0: Ball
1-0: Called Strike
1-1: Fly out, F3 (Popup, 3SF)
Bottom of the 3rd over - 0 runs, 1 hit, 0 errors, 2 left on base; Springfield 1 - Mercer Island 0
TOP OF THE 4TH
Springfield Shooters batting - Pitching for Mercer Island Screaming Eagles : RHP Zion DeBose
Batting: RHB Moriz Ayushiev 0-0: Called Strike
0-1: Called Strike
0-2: Ground out 5-3 (Groundball, 56)
Batting: RHB Jeff Solís 0-0: Called Strike
0-1: Foul Ball, location: 2F
0-2: Ball
1-2: Foul Ball, location: 2F
1-2: Strikes out looking
Batting: RHB Yu-shu Tseng 0-0: Ball
1-0: Foul Ball, location: 2F
1-1: Foul Ball, location: 2F
1-2: Foul Ball, location: 2F
1-2: Ball
2-2: Foul Ball, location: 2F
2-2: SINGLE (Line Drive, 8RS)
Batting: RHB Miguel Elías 0-0: Ball
1-0: Called Strike
1-1: Ball
2-1: Foul Ball, location: 2F
2-2: Foul Ball, location: 2F
2-2: Strikes out swinging
Top of the 4th over - 0 runs, 1 hit, 0 errors, 1 left on base; Springfield 1 - Mercer Island 0
BOTTOM OF THE 4TH
Mercer Island Screaming Eagles batting - Pitching for Springfield Shooters : RHP John Walton
Batting: RHB Juan Reyes 0-0: Ball
1-0: Ball
2-0: Ball
3-0: Base on Balls
Batting: RHB Dejmi Dumervil 0-0: Called Strike
0-1: Ball
1-1: Foul Ball, location: 2F
1-2: Grounds into double play, 6-4-3 (Groundball, 6)
Batting: RHB Terry John 0-0: Ball
1-0: Ball
2-0: Ball
3-0: Called Strike
3-1: Foul Ball, location: 2F
3-2: Fly out, F8 (Line Drive, 8RD)
Bottom of the 4th over - 0 runs, 0 hits, 0 errors, 0 left on base; Springfield 1 - Mercer Island 0
TOP OF THE 5TH
Springfield Shooters batting - Pitching for Mercer Island Screaming Eagles : RHP Zion DeBose
Batting: RHB Bastiaan Pieterse 0-0: Ground out U3 (Groundball, 3S)
Batting: RHB Lev Migranov 0-0: Ball
1-0: Called Strike
1-1: Swinging Strike
1-2: Fly out, F9 (Flyball, 9)
Batting: RHB Janghyun Yi 0-0: Ball
1-0: Ground out 1-3 (Groundball, 15S)
Top of the 5th over - 0 runs, 0 hits, 0 errors, 0 left on base; Springfield 1 - Mercer Island 0
BOTTOM OF THE 5TH
Mercer Island Screaming Eagles batting - Pitching for Springfield Shooters : RHP John Walton
Batting: RHB António Ramírez 0-0: Called Strike
0-1: Ball
1-1: Ball
2-1: Ball
3-1: Base on Balls
Batting: SHB Eisse van Opdorp 0-0: Called Strike
0-1: Fielders Choice at 2nd, 3-6 (Groundball, 3)
Batting: RHB Juan Dávila 0-0: DOUBLE (Line Drive, 78D)
Eisse van Opdorp to third
Batting: RHB Alfredo García 0-0: Ball
1-0: Called Strike
1-1: Foul Ball, location: 2F
1-2: SINGLE (Line Drive, 78S)
Eisse van Opdorp scores
Juan Dávila to third
Batting: RHB Charlie Rhodes 0-0: Ball
1-0: Called Strike
1-1: Foul Ball, location: 2F
1-2: Foul Ball, location: 2F
1-2: Ball
2-2: Foul Ball, location: 2F
2-2: Ball
Wild Pitch!
Juan Dávila scores
Alfredo García to second
3-2: Ground out 5-3 (Groundball, 5)
Batting: RHB Oliver Burrell 0-0: Ball
1-0: Called Strike
1-1: Ball
2-1: Ball
3-1: Base on Balls
Pitching: RHP Rex Negrete
Batting: RHB Juan Reyes 0-0: Ball
1-0: Ball
2-0: Ball
3-0: Called Strike
3-1: SINGLE (Line Drive, 5D)
Alfredo García to third
Oliver Burrell to second
Runner from 3rd tries for Home, SAFE, no throw
Batting: RHB Dejmi Dumervil 0-0: Ball
1-0: Foul Ball, location: 2F
1-1: Called Strike
1-2: Strikes out looking
Bottom of the 5th over - 3 runs, 3 hits, 0 errors, 2 left on base; Springfield 1 - Mercer Island 3
TOP OF THE 6TH
Springfield Shooters batting - Pitching for Mercer Island Screaming Eagles : RHP Zion DeBose
Batting: RHB Eun-bum Kim 0-0: Foul Ball, location: 2F
0-1: Ball
1-1: Swinging Strike
1-2: Ball
2-2: Ball
3-2: TRIPLE (Flyball, 9D)
Batting: RHB Sébastien Bernard 0-0: Ball
1-0: Foul Ball, location: 2F
1-1: Called Strike
1-2: Foul Ball, location: 2F
1-2: Ball
2-2: Strikes out swinging
Batting: RHB Moriz Ayushiev 0-0: Foul Ball, location: 2F
0-1: Ball
1-1: Called Strike
1-2: Ball
2-2: Ground out 6-3 (Groundball, 4M)
Batting: RHB Jeff Solís 0-0: Called Strike
0-1: SINGLE (Line Drive, 78S)
Eun-bum Kim scores
Batting: RHB Yu-shu Tseng 0-0: Ball
1-0: Ball
2-0: Fly out, F7 (Line Drive, 7D)
Top of the 6th over - 1 run, 2 hits, 0 errors, 1 left on base; Springfield 2 - Mercer Island 3
BOTTOM OF THE 6TH
Mercer Island Screaming Eagles batting - Pitching for Springfield Shooters : RHP Rex Negrete
Batting: RHB Terry John 0-0: Called Strike
0-1: Ball
1-1: Called Strike
1-2: Strikes out swinging
Batting: RHB António Ramírez 0-0: Ball
1-0: Ball
2-0: Called Strike
2-1: Fly out, F8 (Flyball, 8LM)
Batting: SHB Eisse van Opdorp 0-0: Ground out 5-3 (Groundball, 56)
Bottom of the 6th over - 0 runs, 0 hits, 0 errors, 0 left on base; Springfield 2 - Mercer Island 3
TOP OF THE 7TH
Springfield Shooters batting - Pitching for Mercer Island Screaming Eagles : RHP Zion DeBose
Batting: RHB Miguel Elías 0-0: Foul Ball, location: 2F
0-1: Ground out 4-3 (Groundball, 34)
Pitching: LHP Unto Leino
Batting: RHB Bastiaan Pieterse 0-0: Ball
1-0: Called Strike
1-1: Ball
2-1: Ground out 5-3 (Groundball, 5)
Batting: RHB Lev Migranov 0-0: Ball
1-0: Ball
2-0: Called Strike
2-1: Ball
3-1: Base on Balls
Batting: RHB Janghyun Yi 0-0: Called Strike
0-1: Reached on error, E6 (Groundball, 6)
Lev Migranov to second
Batting: RHB Eun-bum Kim 0-0: Foul Ball, location: 2F
0-1: Foul Ball, location: 2F
0-2: Strikes out swinging
Top of the 7th over - 0 runs, 0 hits, 1 error, 2 left on base; Springfield 2 - Mercer Island 3
BOTTOM OF THE 7TH
Mercer Island Screaming Eagles batting - Pitching for Springfield Shooters : RHP Rex Negrete
Batting: RHB Juan Dávila 0-0: Ball
1-0: Called Strike
1-1: Fly out, F8 (Flyball, 8LD)
Batting: RHB Alfredo García 0-0: Ball
1-0: Ball
2-0: Ball
3-0: Base on Balls
Batting: RHB Charlie Rhodes 0-0: Foul Ball, location: 2F
0-1: Fly out, F3 (Popup, 13)
Batting: RHB Oliver Burrell 0-0: Called Strike
Alfredo García steals 2nd base
0-1: Called Strike
0-2: Ball
1-2: Ball
2-2: SINGLE (Line Drive, 34)
Alfredo García to third
Runner from 3rd tries for Home, SAFE, throw made home
Batting: RHB Juan Reyes 0-0: Ball
1-0: Foul Ball, location: 2F
1-1: Ground out 5-3 (Groundball, 56S)
Bottom of the 7th over - 1 run, 1 hit, 0 errors, 1 left on base; Springfield 2 - Mercer Island 4
TOP OF THE 8TH
Springfield Shooters batting - Pitching for Mercer Island Screaming Eagles : LHP Unto Leino
Batting: RHB Sébastien Bernard 0-0: Fly out, F9 (Flyball, 9S)
Batting: RHB Moriz Ayushiev 0-0: Ball
1-0: Foul Ball, location: 2F
1-1: Foul Ball, location: 2F
1-2: Ball
2-2: Strikes out swinging
Batting: RHB Jeff Solís 0-0: Foul Ball, location: 2F
0-1: Called Strike
0-2: Ball
1-2: Ball
2-2: Ball
3-2: Ground out 5-3 (Groundball, 5)
Top of the 8th over - 0 runs, 0 hits, 0 errors, 0 left on base; Springfield 2 - Mercer Island 4
BOTTOM OF THE 8TH
Mercer Island Screaming Eagles batting - Pitching for Springfield Shooters : RHP Rex Negrete
Batting: RHB Dejmi Dumervil 0-0: Ball
1-0: Ball
2-0: Ball
3-0: Called Strike
3-1: Base on Balls
Batting: RHB Terry John 0-0: Ball
1-0: Ball
2-0: Bunted foul
2-1: Sac Bunt - play at first, batter safe!
Dejmi Dumervil to second
Batting: RHB António Ramírez 0-0: Ball
1-0: Ball
2-0: Ball
3-0: Called Strike
3-1: Foul Ball, location: 2F
3-2: Base on Balls
Dejmi Dumervil to third
Terry John to second
Pinch Hitting: RHB Bart Goodine 0-0: Fly out, F8 (Flyball, 8LM)
Runner from 3rd tags up, OUT at HOME
Terry John to third
António Ramírez to second
Batting: RHB Juan Dávila 0-0: Foul Ball, location: 2F
0-1: Ball
1-1: Fly out, F9 (Line Drive, 9LD)
Bottom of the 8th over - 0 runs, 1 hit, 0 errors, 2 left on base; Springfield 2 - Mercer Island 4
TOP OF THE 9TH
Springfield Shooters batting - Pitching for Mercer Island Screaming Eagles : LHP Unto Leino
Now at 3B: Bart Goodine
Batting: RHB Yu-shu Tseng 0-0: Called Strike
0-1: Swinging Strike
0-2: Strikes out swinging
Batting: RHB Miguel Elías 0-0: Ball
1-0: Called Strike
1-1: SINGLE (Groundball, 6MD)
Batting: RHB Bastiaan Pieterse 0-0: Ball
1-0: Ball
2-0: Ball
3-0: Base on Balls
Miguel Elías to second
Batting: RHB Lev Migranov 0-0: Ball
1-0: Ball
2-0: Ball
3-0: Foul Ball, location: 2F
3-1: Base on Balls
Miguel Elías to third
Bastiaan Pieterse to second
Batting: RHB Janghyun Yi 0-0: Grounds into fielders choice 6-2 (Groundball, 6)
Bastiaan Pieterse to third
Lev Migranov to second
Batting: RHB Eun-bum Kim 0-0: Ball
1-0: Called Strike
1-1: Called Strike
1-2: Ball
2-2: Foul Ball, location: 2F
2-2: Strikes out swinging
Top of the 9th over - 0 runs, 1 hit, 0 errors, 3 left on base; Springfield 2 - Mercer Island 4
Saturday, December 22nd, 2018 - OOTP Baseball 18.8 Build 76